 Dungeon Crawl Stone Soup version 0.29-a0-542-g075992c915 (webtiles) character file.

Game seed: 12595801580207750942

302 NateTC the Digger (level 6, 0/34 HPs)
             Began as a Gargoyle Earth Elementalist on June 4, 2022.
             Was an Initiate of Fedhas.
             Slain by an ogre
             ... wielding a +0 giant club
              (5 damage)
             ... on level 4 of the Dungeon.
             The game lasted 00:16:35 (3611 turns).

NateTC the Digger (Gargoyle Earth Elementalist)     Turns: 3611, Time: 00:16:36

Health: 0/34       AC: 11    Str: 11    XL:     6   Next: 37%
Magic:  10/10      EV: 12    Int: 18    God:    Fedhas [......]
Gold:   238        SH:  0    Dex: 10    Spells: 4/10 levels left

rFire   . . .      SeeInvis .   (no weapon)
rCold   . . .      Faith    .   (no shield)
rNeg    + . .      Spirit   .   n - +1 robe of Suulirhus {Will+++}
rPois   ∞          Reflect  .   (no helmet)
rElec   +          Harm     .   (no cloak)
rCorr   .          Rampage  .   (no gloves)
Will    +++..                   (no boots)
Stlth   ++........              f - amulet of magic regeneration
HPRegen 0.11/turn               e - +4 ring of protection
MPRegen 0.52/turn               (no ring)

@: no status effects
A: sickness immunity, AC +4, negative energy resistance 1, electricity
resistance, torment resistance 1, petrification resistance
a: Renounce Religion


You were on level 4 of the Dungeon.
You worshipped Fedhas.
Fedhas was noncommittal.
You visited 2 branches of the dungeon, and saw 6 of its levels.

You collected 357 gold pieces.
You spent 119 gold pieces at shops.

Inventory:

Missiles
 a - 139 stones
Armour
 n - the +1 robe of Suulirhus (worn) {Will+++}
   (You bought it in a shop on level 3 of the Dungeon)

   Will:      It greatly increases your willpower.
Jewellery
 e - a +4 ring of protection (left hand)
 f - an amulet of magic regeneration (around neck)
Scrolls
 d - a scroll of silence
Potions
 b - a potion of mutation {unknown}
 c - a potion of magic
 g - a potion of curing
 h - a potion of lignification
 j - 2 potions of haste
 k - a potion of brilliance {unknown}
 l - 2 potions of heal wounds {unknown}


   Skills:
 - Level 1.0 Fighting
 + Level 2.1 Dodging
 - Level 2.1 Stealth
 + Level 2.7 Spellcasting
 * Level 3.4 Conjurations
 - Level 1.5 Transmutations
 * Level 5.8 Earth Magic


You had 4 spell levels left.
You knew the following spells:

 Your Spells              Type           Power      Damage    Failure   Level
a - Sandblast             Erth           46%        2d11      1%          1
b - Passwall              Tmut/Erth      12%        N/A       5%          2
c - Stone Arrow           Conj/Erth      38%        3d9       8%          3

Your spell library contained the following spells:

 Spells                   Type           Power      Damage    Failure   Level
 Petrify                  Tmut/Erth      15%        N/A       36%         4
 Inner Flame              Hex/Fire       2%         N/A       45%         3
 Cause Fear               Hex            1%         N/A       86%         4
 Discord                  Hex            1%         N/A       100%        8


Dungeon Overview and Level Annotations

Branches:
Dungeon (5/15)             Temple (1/1) D:4

Altars:
Ashenzari
Dithmenos
Elyvilon
Fedhas
Gozag
Makhleb
Nemelex Xobeh
Okawaru
Qazlal
Ru
Sif Muna
Trog
Uskayaw
Vehumet
Xom
Yredelemnul
Zin
The Shining One

Shops:
D:3 [==?


Innate Abilities, Weirdness & Mutations

You are immune to sickness and miasma.
Your stone body is resilient. (AC +4)
You are immune to poison.
You resist negative energy. (rN+)
You are resistant to electric shocks. (rElec)
You are resistant to unholy torment.
You are immune to petrification.


Message History

The stone arrow hits the ogre.
The ogre is moderately wounded.
The ogre hits you with a +0 giant club!
Casting: Stone Arrow (dangerous; 8% risk of failure)
Confirm with . or Enter, or press ? or * to list all spells.
Aiming: Stone Arrow (dangerous; 8% risk of failure)
Press: ? - help, Shift-Dir - straight line, f/p - ogre
Aim: an ogre, wielding a +0 giant club (moderately wounded, 85% to hit)
You miscast Stone Arrow.
You are very lightly contaminated with residual magic.
Nothing appears to happen.
Casting: Stone Arrow (dangerous; 8% risk of failure)
Confirm with . or Enter, or press ? or * to list all spells.
You don't have enough magic to cast this spell.
Unknown command.
You can't go down here!
The ogre closely misses you.
You climb upwards.
There is a stone staircase leading down here.
You see here a +0 rapier.
Your magical contamination has completely faded away.
The ogre attacks as you move away! The ogre barely misses you.
Casting: Stone Arrow (dangerous; 8% risk of failure)
Confirm with . or Enter, or press ? or * to list all spells.
Aiming: Passwall (safe; 5% risk of failure)
Press: ? - help, Dir - move target A rock wall.
You begin to meditate on the wall.
You continue meditating on the rock.
The ogre hits you with a +0 giant club!
* * * LOW HITPOINT WARNING * * *
You continue meditating on the rock.
The ogre closely misses you.
You continue meditating on the rock.
Magic restored.
You finish merging with the rock.
You start resting.
An ogre is nearby!
The ogre attacks as you move away! The ogre hits you with a +0 giant club.
You die...
Fedhas appreciates your contribution to the ecosystem.

#.###........#.#
#.# ##...
#.......)......#
##O## #>..
############.###
#...# #... #.#
#...# ##.# #.#
####...#####... #.#
#.............. #.#
#.............#
#.###.........###.#
#.@O..#....#### #.#
#####......# #..
####...# ### #####


You could see an ogre.

Vanquished Creatures
  Eustachio (D:4)
  A jelly (D:4)
  Terence (D:3)
  5 adders
  2 dart slugs
  An orc (D:2)
  6 ball pythons
  7 bats
  2 endoplasms (D:2)
  5 giant cockroaches
  6 goblins
  6 hobgoblins
  5 jackals
  4 quokkas
  2 frilled lizards (D:2)
  5 kobolds
  A rat (D:1)
60 creatures vanquished.

Notes
Turn   | Place    | Note
-------+----------+-------------------------------------------
     0 | D:1      | NateTC the Gargoyle Earth Elementalist began the quest for
                  | the Orb.
     0 | D:1      | Reached XP level 1. HP: 10/10 MP: 3/3
   357 | D:1      | Reached skill level 1 in Transmutations
   431 | D:1      | Reached XP level 2. HP: 15/15 MP: 3/5
   448 | D:1      | Learned a level 2 spell: Passwall
   534 | D:1      | Reached skill level 4 in Earth Magic
   949 | D:2      | Reached XP level 3. HP: 19/19 MP: 4/6
   957 | D:2      | Learned a level 3 spell: Stone Arrow
  1013 | D:2      | Found a faded altar of an unknown god.
  1063 | D:2      | Reached skill level 1 in Conjurations
  1074 | D:2      | Identified the +1 ring mail of Qamogo Buori {Will+}
  1245 | D:2      | Reached XP level 4. HP: 24/24 MP: 4/7
  1727 | D:3      | Reached skill level 1 in Fighting
  1874 | D:3      | Found Umix's Jewellery Shop.
  2035 | D:3      | Found Nodog's Antique Armour Shoppe.
  2040 | D:3      | Bought a crude robe for 119 gold pieces
  2040 | D:3      | Identified the +1 robe of Suulirhus {Will+++} (You bought
                  | it in a shop on level 3 of the Dungeon)
  2064 | D:3      | Found Imuokhle's Jewellery Boutique.
  2083 | D:3      | Noticed Terence
  2093 | D:3      | Killed Terence
  2096 | D:3      | Found Vugh's Magic Scroll Shoppe.
  2499 | D:4      | Found a staircase to the Ecumenical Temple.
  2507 | Temple   | Entered the Ecumenical Temple
  2628 | Temple   | Became a worshipper of Fedhas Madash
  2811 | D:4      | Reached XP level 5. HP: 29/29 MP: 6/8
  2826 | D:4      | Reached skill level 5 in Earth Magic
  2994 | D:4      | Noticed Eustachio
  3019 | D:4      | Killed Eustachio
  3020 | D:4      | Reached XP level 6. HP: 26/34 MP: 0/10
  3330 | D:5      | Entered Level 5 of the Dungeon
  3611 | D:4      | Slain by an ogre

Illustrated notes

Levels and vault maps discovered:
D:1:      erik_arrival_triangle_small, layout_basic
D:2:      layout_rooms, hellmonk_ecumenical_altar_pennies_from_heaven,
          minmay_misc_feat_roman, minmay_misc_feat_plants, grunt_ministairs_12,
          grunt_decor_mini_mirrors, minmay_hedge_maze, solitary_fountain
D:3:      layout_loops_ring, serial_shops, shop, shop, nicolae_shop_stone, shop,
          uniq_terence
D:4:      layout_loops_ring, minmay_temple_entry_gardened_gates, st_stairs_8,
          kennysheep_crisscross, grunt_ministairs_12, minivault_27,
          uniq_eustachio
D:5:      layout_basic, serial_glass, glass_columns_b, glass_columns_a,
          glass_columns_a, glass_columns_c, glass_columns_b,
          minmay_crystal_room, uniq_ijyb, uniq_sigmund
Temple:   mainiacjoe_temple_coin_purse

Skill      XL: |  1  2  3  4  5 |
---------------+----------------+-----
Transmutations | 1 |  1.5
Earth Magic    | 4 5 |  5.8
Conjurations   | 1 2 3 |  3.4
Fighting       | 1 |  1.0
Dodging        | 2 |  2.1
Stealth        | |  2.1
Spellcasting   | |  2.7

Action                   |  1- 3 |  4- 6 || total
-------------------------+-------+-------++-------
Melee: Unarmed           |    13 |       ||    13
 Cast: Sandblast         |    51 |    59 ||   110
       Passwall          |       |     8 ||     8
       Stone Arrow       |       |     6 ||     6
  Use: Scroll            |     2 |     8 ||    10
Armor: Robe              |     2 |    18 ||    20
Dodge: Dodged            |     5 |    30 ||    35

Table legend: (Time is in decaauts)
 A = Elapsed time spent in this place.
 B = Non-inter-level travel time spent in this place.
 C = Inter-level travel time spent in this place.
 D = Time resting spent in this place.
 E = Time spent auto-exploring this place.
 F = Levels seen in this place.
 G = Mean time per level.
                   A        B        C        D        E       F      G
               +--------+--------+--------+--------+--------+-----+--------+
         Total |   3614 |   3418 |    196 |    419 |   1248 |   6 |  602.3 |
       Dungeon |   3480 |   3318 |    162 |    419 |   1162 |   5 |  696.0 |
        Temple |    133 |     99 |     34 |      0 |     86 |   1 |  133.0 |
               +--------+--------+--------+--------+--------+-----+--------+

Top non-repeatable levels by time:
     D:4: 1006 daAuts
     D:1: 980 daAuts
     D:3: 743 daAuts
     D:2: 706 daAuts
  Temple: 133 daAuts
     D:5: 43 daAuts
